Map: Светотень РВ

Players

ИИ 1 (знаток)

  • Race: Protoss Protoss
  • Spawn Location: 11:00

Doll - Winner!

  • Race: Zerg Zerg
  • Spawn Location: 5:00

VOD

Have the link to the VOD?

Description

Time

  • Played on: March 11, 2021, 10:53 a.m.
  • Length: 12:42
Show
View Real Time Build Order
Export as new Build Order

ИИ 1 (знаток) Protoss 

Build Orders: 1 Gate Expand 

Get SALT Encoding   

  12  0:00  Probe  
  13  0:13  Probe  
  14  0:19  Pylon  
  14  0:25  Probe  
  15  0:33  Probe  
  15  0:41  Probe  
  17  0:50  Gateway  
  17  1:08  Probe  
  17  1:11  Nexus  
  18  1:28  Pylon  
  18  1:30  Assimilator  
  18  1:40  Zealot  
  18  1:42  Probe, Cybernetics Core  
  21  1:55  Probe  
  22  2:04  Probe  
  22  2:06  Gateway  
  23  2:13  Assimilator  
  23  2:18  Stalker, Probe  
  23  2:21  Pylon  
  26  2:31  Probe, Warp Gate  
  27  2:43  Probe  
  28  2:44  Probe  
  28  2:48  Adept  
  31  2:55  Probe  
  31  2:56  Probe  
  33  3:02  Stalker  
  33  3:05  Probe  
  33  3:07  Probe  
  35  3:17  Gateway  
  35  3:19  Probe  
  36  3:22  Stalker  
  38  3:39  Sentry  
  40  3:43  Assimilator  
  40  3:46  Assimilator  
  40  3:56  Robotics Facility  
  40  4:02  Probe  
  40  4:05  Probe  
  42  4:10  Probe  
  43  4:18  Stargate, Probe  
  44  4:25  Probe  
  45  4:31  Pylon  
  45  4:32  Probe  
  46  4:42  Forge  
  46  4:44  Immortal  
  50  4:49  Probe  
  50  4:50  Probe  
  52  4:57  Pylon, Void Ray  
  52  5:01  Probe  
  52  5:04  Probe  
  52  5:05  Protoss Ground Armor Level 1  
  58  5:11  Probe  
  59  5:16  Probe  
  59  5:19  Zealot, Probe  
  62  5:26  Pylon  
  62  5:27  Probe  
  63  5:28  Probe  
  63  5:35  Zealot  
  67  5:40  Probe x2  
  68  5:46  Pylon  
  69  5:50  Stalker  
  69  5:53  Probe  
  72  6:04  Probe  
  73  6:06  Stalker, Probe  
  73  6:09  Pylon  
  76  6:13  Probe  
  76  6:18  Probe  
  78  6:22  Stalker  
  80  6:32  Pylon  
  80  6:38  Sentry  
  82  6:40  Photon Cannon  
  82  6:46  Photon Cannon  
  82  6:48  Pylon  
  82  6:50  Oracle, Observer  
  82  6:51  Pylon  
  86  6:57  Twilight Council  
  86  7:01  Forge  
  86  7:03  Immortal, Protoss Ground Weapons Level 1  
  86  7:11  Photon Cannon  
  86  7:13  Photon Cannon  
  90  7:21  Void Ray  
  94  7:35  Observer  
  95  7:52  Immortal  
  99  8:47  Zealot  
  89  8:51  Oracle  
  73  9:00  Immortal  
  63  9:04  Gateway  
  63  9:08  Robotics Facility, Nexus  
  63  9:09  Sentry  
  63  9:10  Stargate  
  63  9:12  Pylon  
  61  9:18  Zealot  
  59  9:28  Stalker  
  50  9:37  Zealot  
  42  9:39  Warp Prism  
  35  9:46  Stalker  
  29  9:54  Warp Prism  
  29  9:56  Stalker  
  33  10:05  Sentry  
  33  10:08  Pylon  
  33  10:10  Void Ray  
  33  10:11  Zealot, Probe  
  29  10:15  Observer  
  29  10:19  Zealot  
  29  10:21  Gateway  
  29  10:22  Probe  
  29  10:23  Void Ray, Probe  
  29  10:28  Stalker, Zealot  
  31  10:34  Probe  
  27  10:35  Probe  
  27  10:36  Pylon  
  27  10:39  Zealot  
  27  10:42  Stalker  
  30  10:46  Probe  
  24  10:53  Stargate  
  24  10:58  Probe  
  23  11:07  Templar Archives  
  10  11:45  High Templar  
  10  12:02  Pylon  
Show
View Real Time Build Order
Export as new Build Order

Doll Zerg - Winner!

Build Orders: Hatch First, Zergling Baneling 

Get SALT Encoding   

  12  0:03  Drone  
  13  0:12  Overlord  
  13  0:17  Drone  
  14  0:31  Drone x2  
  16  0:36  Drone  
  17  0:49  Drone  
  18  0:56  Hatchery  
  17  1:01  Drone  
  18  1:05  Extractor  
  18  1:10  Drone  
  18  1:18  Spawning Pool  
  17  1:20  Drone  
  18  1:30  Drone  
  19  1:40  Drone  
  20  1:51  Overlord  
  20  2:00  Extractor  
  19  2:05  Zergling x2, Queen  
  22  2:08  Zergling x2  
  22  2:09  Queen  
  22  2:14  Baneling Nest  
  22  2:15  Zergling x2  
  25  2:20  Drone  
  26  2:23  Drone  
  26  2:29  Drone  
  28  2:35  Drone  
  29  2:41  Drone  
  30  2:45  Drone  
  31  2:57  Hatchery  
  29  3:04  Drone x2  
  30  3:08  Drone  
  31  3:13  Drone  
  31  3:14  Drone  
  31  3:17  Drone  
  34  3:23  Overlord  
  35  3:27  Zergling x2  
  35  3:28  Zergling x2  
  35  3:32  Baneling x2  
  36  3:38  Lair  
  36  3:43  Zergling x4  
  36  3:45  Zergling x2  
  39  3:49  Drone  
  39  3:50  Drone  
  39  3:52  Drone  
  39  3:54  Drone  
  43  3:57  Zergling x2  
  43  4:00  Baneling x2  
  43  4:01  Baneling x2  
  44  4:03  Baneling x2  
  44  4:05  Baneling  
  44  4:06  Baneling  
  44  4:07  Baneling  
  44  4:09  Baneling  
  44  4:11  Drone  
  44  4:12  Drone  
  44  4:14  Drone  
  44  4:16  Drone  
  48  4:20  Overlord  
  48  4:27  Drone  
  48  4:28  Drone  
  50  4:32  Roach Warren  
  50  4:35  Centrifical Hooks  
  49  4:39  Metabolic Boost  
  49  4:41  Drone  
  49  4:45  Drone x2  
  51  4:47  Drone  
  51  4:49  Drone  
  54  4:53  Zergling x2  
  54  4:54  Overlord  
  54  4:55  Zergling x2  
  54  4:57  Zergling x2  
  54  4:58  Zergling x2  
  58  5:01  Overseer  
  58  5:05  Overseer  
  58  5:12  Overlord  
  58  5:13  Roach  
  62  5:14  Roach  
  62  5:15  Roach x2  
  62  5:17  Glial Reconstitution  
  66  5:24  Overlord, Hydralisk Den  
  65  5:29  Extractor  
  65  5:30  Extractor  
  65  5:31  Drone x2  
  65  5:32  Drone x2  
  65  5:33  Drone  
  65  5:34  Drone  
  69  5:37  Roach  
  69  5:39  Roach  
  73  5:44  Overlord, Drone  
  73  5:46  Drone x2  
  73  5:48  Drone  
  73  5:49  Drone  
  78  5:54  Hydralisk  
  78  5:56  Drone  
  81  6:03  Hydralisk  
  83  6:04  Infestation Pit, Hydralisk  
  83  6:08  Roach  
  83  6:09  Drone  
  87  6:14  Drone  
  87  6:15  Overlord  
  87  6:17  Drone  
  87  6:18  Drone  
  90  6:28  Overlord  
  90  6:31  Hatchery, Overlord  
  89  6:34  Hydralisk  
  89  6:35  Hydralisk  
  89  6:36  Roach  
  89  6:37  Zergling x2  
  96  6:43  Hive  
  96  6:45  Pneumatized Carapace  
  96  6:50  Ravager  
  96  6:54  Extractor, Drone x3, Overlord  
  98  6:55  Drone  
  98  6:56  Extractor  
  98  6:57  Drone  
  98  6:58  Drone  
  98  6:59  Drone  
  102  7:04  Drone  
  102  7:06  Ravager  
  102  7:08  Ravager  
  105  7:09  Ravager  
  105  7:10  Zergling x2  
  105  7:11  Zergling x2  
  105  7:12  Drone  
  105  7:13  Drone x2  
  105  7:14  Drone  
  112  7:18  Hydralisk  
  112  7:20  Roach  
  116  7:24  Drone  
  117  7:32  Spire, Drone x2  
  117  7:33  Overlord  
  118  7:41  Zergling x4  
  118  7:42  Ravager  
  118  7:43  Ravager  
  124  7:44  Roach x2  
  124  7:45  Roach, Overlord  
  124  7:46  Overlord  
  128  7:53  Roach  
  128  7:54  Roach x2  
  128  7:56  Baneling x4  
  128  7:57  Baneling x2  
  134  8:00  Roach  
  136  8:27  Evolution Chamber  
  136  8:32  Evolution Chamber  
  134  8:35  Evolution Chamber  
Tags
 
Add a new tag
Caveats
  • Supply blocks, unpowered buildings, or Contaminate may cause inaccurate times.
  • Supply counts are checked every 10 seconds.